AoeStats
← UncleMike2244

Arena

509144993Analyzed
2v2 RM · 7d ago on Sep 25, 2026· 45m 16s· 4 players
Game mode
Random Map
Map size
Medium (4 player)
Population
200
Speed
Normal
Resources
Standard
Victory
Conquest
Starting age
Dark Age
Ending age
Imperial Age
RankedLock teamsTeams togetherTeam positionsShared explorationLock speedFull tech treeHidden civsTurbo modeCheats
Victory
Defeat
🇺🇸 Huns · United States
870
+13
🇺🇸 Vikings · United States
721
+14
🇪🇸 Poles · Spain
699
-12
🇭🇷 Franks · Croatia
669
-24
nO
12:20 Feudal Age
15:28 Scale Barding Armor
21:25 Castle Age
21:45 Padded Archer Armor
24:37 Husbandry
26:17 Caravan
26:33 Light Cavalry
28:00 Wheelbarrow
27:21 Town Watch
29:38 Coinage
38:50 Imperial Age
40:30 Hand Cart
39:39 Cavalier
44:48 Paladin
maarc1992
0:38 Loom
15:08 Feudal Age
15:35 Horse Collar
15:48 Gold Mining
15:47 Double-Bit Axe
16:41 Stone Mining
19:09 Forging
25:00 Castle Age
23:37 Scale Mail Armor
24:56 Scale Barding Armor
24:43 Fletching
26:26 Heavy Plow
26:39 Bow Saw
27:15 Iron Casting
26:56 Chain Mail Armor
26:04 Pikeman
27:52 Stone Shaft Mining
27:19 Squires
27:05 Arson
29:15 Wheelbarrow
28:26 Town Watch
28:47 Caravan
28:42 Light Cavalry
29:33 Bloodlines
29:23 Husbandry
30:14 Szlachta Privileges
30:41 Chain Barding Armor
36:57 Imperial Age
35:51 Town Patrol
36:52 Hand Cart
36:38 Man-at-Arms
37:45 Long Swordsman
38:27 Cavalier
40:13 Blast Furnace
39:43 Plate Mail Armor
40:01 Bodkin Arrow
40:38 Conscription
40:38 Two-Handed Swordsman
UncleMike2244
0:38 Loom
11:24 Feudal Age
11:45 Horse Collar
11:54 Double-Bit Axe
19:29 Castle Age
17:33 Gold Mining
18:36 Stone Mining
21:56 Heavy Plow
31:40 Imperial Age
29:17 Scale Mail Armor
30:12 Gold Shaft Mining
30:03 Bow Saw
30:06 Forging
31:33 Chain Mail Armor
31:54 Iron Casting
31:47 Capped Ram
32:05 Elite Varangian Guard
32:32 Arson
32:48 Squires
33:29 Gold Shaft Mining
33:34 Crop Rotation
34:18 Two-Man Saw
33:17 Siege Ram
34:30 Fortified Wall
35:25 Blast Furnace
34:56 Plate Mail Armor
38:07 Heavy Scorpion
40:35 Treadmill Crane
45:09 Chieftains
44:32 Elite Berserk
rocknrollperson3
11:45 Feudal Age
16:17 Castle Age
14:26 Double-Bit Axe
14:39 Horse Collar
17:51 Wheelbarrow
17:35 Bow Saw
18:06 Heavy Plow
25:57 Hand Cart
26:40 Murder Holes
27:06 Ballistics
28:45 Bloodlines
28:36 Husbandry
28:47 Scale Barding Armor
28:53 Forging
28:50 Pikeman
29:30 Squires
29:15 Arson
32:51 Imperial Age
30:46 Marauders
30:55 Elite Skirmisher
31:40 Thumb Ring
33:55 Chain Barding Armor
34:11 Iron Casting
33:25 Halberdier
34:50 Elite Tarkan
36:38 Plate Barding Armor
38:03 Two-Man Saw
39:48 Scale Mail Armor
40:49 Blast Furnace
Connection lost

Rejoining the realm…

Still unreachable

The connection could not be restored.

Session expired

The server has moved on; the page needs a fresh start.